 Dungeon Crawl Stone Soup version 0.28.0-1-gb440e238dd (webtiles) character file.

Game seed: 4358177669903449895

30 smarlow the Ogre Mage (level 3, 0/32 HPs)
             Began as an Ogre Hedge Wizard on Feb 25, 2022.
             Slain by a jackal (3 damage)
             ... on level 1 of the Dungeon.
             The game lasted 00:03:03 (1244 turns).

smarlow the Ogre Mage (Ogre Hedge Wizard)           Turns: 1244, Time: 00:03:03

Health: 0/32       AC:  3    Str: 14    XL:     3   Next: 20%
Magic:  8/8        EV:  9    Int: 17    God:
Gold:   38         SH:  0    Dex:  8    Spells: 9/10 levels left

rFire   . . .      SeeInvis .   a - +0 dagger
rCold   . . .      Faith    .   (no shield)
rNeg    . . .      Spirit   .   b - +0 robe
rPois   .          Reflect  .   c - +0 hat
rElec   .          Harm     .   (no cloak)
rCorr   .          Rampage  .   (gloves unavailable)
Will    .....                   (boots unavailable)
Stlth   +.........              (no amulet)
HPRegen 0.10/turn               (no ring)
MPRegen 0.11/turn               (no ring)

@: no status effects
A: large, unfitting armour, tough skin 1
a: no special abilities


You were on level 1 of the Dungeon.
You visited 1 branch of the dungeon, and saw 1 of its levels.

You collected 38 gold pieces.

Inventory:

Hand Weapons
 a - a +0 dagger (weapon)
Armour
 b - a +0 robe (worn)
 c - a +0 hat (worn)
Scrolls
 e - 2 scrolls of identify {unknown}
Potions
 d - a potion of haste {unknown}


   Skills:
 + Level 0.5 Fighting
 + Level 2.0 Dodging
 - Level 1.4 Stealth
 * Level 4.1 Spellcasting
 + Level 1.2 Conjurations
 + Level 1.2 Summonings
 + Level 1.1 Translocations


You had 9 spell levels left.
You knew the following spells:

 Your Spells              Type           Power      Damage    Failure   Level
a - Magic Dart            Conj           28%        1d4       10%         1

Your spell library contained the following spells:

 Spells                   Type           Power      Damage    Failure   Level
 Blink                    Tloc           14%        N/A       14%         2
 Call Imp                 Summ           7%         N/A       14%         2
 Slow                     Hex            12%        N/A       16%         1
 Conjure Flame            Conj/Fire      5%         6-21      36%         3
 Mephitic Cloud           Conj/Pois/Air  4%         N/A       36%         3


Dungeon Overview and Level Annotations

Branches:
Dungeon (1/15)

Altars:


Innate Abilities, Weirdness & Mutations

You are too large for most types of armour.
You have tough skin. (AC +1)


Message History

You are too injured to fight recklessly!
Aiming: Magic Dart (safe; 10% risk of failure)
Press: ? - help, Q - select action Shift-Dir - straight line, f/p - gnoll
Aim: a gnoll, wielding a +1 flail of holy wrath (moderately wounded, 100% to hit)
The magic dart hits the gnoll.
The gnoll is severely wounded.
The gnoll hits you with a +1 flail of holy wrath!
* * * LOW HITPOINT WARNING * * *
Your magical contamination has completely faded away.
Found a rapier.
Aiming: Magic Dart (safe; 10% risk of failure)
Press: ? - help, Q - select action Shift-Dir - straight line, f/p - gnoll
Aim: a gnoll, wielding a +1 flail of holy wrath (severely wounded, 100% to hit)
The magic dart hits the gnoll.
The gnoll is almost dead.
Found a scroll labelled ZIPPIU KOEN.
Found a scroll labelled JOIRYIT DUARAT.
You see here a +0 rapier.
A hobgoblin and 2 jackals come into view.
A jackal comes into view.
Found 8 gold pieces and 3 scrolls labelled LIBONL LICO.
The hobgoblin shouts!
The jackal barks!
The jackal moves out of view.
A jackal comes into view.
The jackal barks!
A dart slug comes into view.
You see here a scroll labelled JOIRYIT DUARAT.
The jackal completely misses you.
The jackal bites you but does no damage.
The jackal bites you but does no damage.
The dart slug briefly extends its eye-stalks.
The jackal bites you.
* * * LOW HITPOINT WARNING * * *
The jackal bites you but does no damage.
The jackal bites you.
* * * LOW HITPOINT WARNING * * *
The jackal bites you but does no damage. x2
The jackal barely misses you. The jackal bites you.
You die...

#.#######...########
#..........g########
#####.##.#hg........
#.##.#.#########
#.##.#h# #.##.#.#
##### #.##.#h#
##...#####.##.#h#
#.###......##.#@#
#.#........##.#.####
#.#.#.####.........#
##....# ###..###..#
##)#.# #.## #..#
#.#.# #.# #..# #.#.#
#.# #..# ##### #.#.#
#.# #..# ##....
#.#.### #.# #..##
###...##


You could see a gnoll, 4 jackals and a hobgoblin.

Vanquished Creatures
  4 endoplasms (D:1)
  A giant cockroach (D:1)
  3 goblins (D:1)
  A hobgoblin (D:1)
  4 jackals (D:1)
  3 ball pythons (D:1)
  3 bats (D:1)
  A frilled lizard (D:1)
  4 kobolds (D:1)
  A rat (D:1)
25 creatures vanquished.

Notes
Turn   | Place    | Note
-------+----------+-------------------------------------------
     0 | D:1      | smarlow the Ogre Hedge Wizard began the quest for the Orb.
     0 | D:1      | Reached XP level 1. HP: 16/16 MP: 5/5
   197 | D:1      | Reached skill level 1 in Summonings
   220 | D:1      | Reached skill level 1 in Translocations
   240 | D:1      | Reached skill level 1 in Conjurations
   296 | D:1      | Reached XP level 2. HP: 24/24 MP: 2/6
   727 | D:1      | Reached skill level 4 in Spellcasting
   741 | D:1      | Reached XP level 3. HP: 15/32 MP: 5/8
  1244 | D:1      | Slain by a jackal

Illustrated notes

Levels and vault maps discovered:
D:1:      ebering_trefoil_3fold, layout_loops_ring

Skill      XL: |  1  2 |
---------------+-------+-----
Summonings     | 1 |  1.2
Translocations | 1 |  1.1
Conjurations   | 1 |  1.2
Dodging        | 2 |  2.0
Spellcasting   | 4 |  4.1
Fighting       | |  0.5
Stealth        | |  1.4

Action                   || total
-------------------------++-------
Melee: Dagger            ||    31
       Punch             ||     1
 Cast: Magic Dart        ||    55
Armor: Robe              ||    16
Dodge: Dodged            ||    22
